Map: Blackburn LE

Players

Trap

  • Race: Protoss Protoss
  • League: Master

DPGZest (Zest) - Winner!

  • Race: Protoss Protoss

Event: TSL 7

VOD

Have the link to the VOD?

Description

Time

  • Played on: June 27, 2021, 12:57 p.m.
  • Length: 8:30

All games in this series

Show
View Real Time Build Order
Export as new Build Order

Trap Protoss 

Build Orders: Phoenix Opening, Blink Stalkers, Zealot Archon 

Get SALT Encoding   

  12  0:00  Probe  
  13  0:12  Probe  
  14  0:19  Pylon  
  14  0:24  Probe  
  15  0:37  Probe (Chrono Boost)  
  15  0:40  Gateway  
  16  0:46  Probe (Chrono Boost)  
  16  0:47  Assimilator  
  17  0:51  Probe (Chrono Boost)  
  17  0:55  Assimilator  
  18  1:03  Probe (Chrono Boost)  
  19  1:06  Pylon  
  19  1:15  Probe (Chrono Boost)  
  20  1:20  Probe (Chrono Boost)  
  21  1:27  Cybernetics Core  
  21  1:30  Probe  
  22  1:34  Zealot  
  24  1:42  Probe  
  26  1:54  Probe  
  26  2:02  Stalker (Chrono Boost)  
  26  2:05  Warp Gate  
  28  2:23  Nexus  
  28  2:25  Sentry  
  28  2:29  Probe  
  31  2:35  Shield Battery  
  31  2:44  Pylon  
  31  2:57  Twilight Council  
  31  3:01  Probe  
  30  3:09  Stalker  
  30  3:11  Phoenix  
  32  3:13  Probe  
  32  3:16  Gateway  
  33  3:26  Probe (Chrono Boost)  
  34  3:34  Blink  
  33  3:35  Probe (Chrono Boost)  
  33  3:38  Probe (Chrono Boost)  
  35  3:44  Probe (Chrono Boost)  
  35  3:45  Probe (Chrono Boost)  
  37  3:49  Probe (Chrono Boost)  
  37  3:52  Probe  
  39  3:58  Stalker  
  39  4:01  Probe  
  42  4:04  Probe  
  43  4:13  Probe (Chrono Boost)  
  45  4:20  Probe (Chrono Boost)  
  45  4:25  Stalker x2  
  45  4:26  Probe (Chrono Boost)  
  45  4:31  Probe x2 (Chrono Boost)  
  42  4:40  Probe (Chrono Boost)  
  44  4:46  Probe (Chrono Boost)  
  44  4:49  Probe (Chrono Boost)  
  44  4:50  Sentry x2  
  49  4:54  Probe (Chrono Boost)  
  49  4:55  Probe (Chrono Boost), Pylon  
  51  5:05  Probe  
  51  5:07  Probe  
  53  5:14  Nexus  
  53  5:17  Probe  
  53  5:19  Probe  
  55  5:21  Stalker  
  57  5:29  Probe  
  57  5:31  Probe  
  57  5:34  Stalker  
  59  5:38  Charge  
  59  5:43  Probe x2  
  59  5:48  Gateway  
  61  5:51  Phoenix  
  61  6:00  Gateway  
  61  6:04  Gateway  
  61  6:07  Gateway  
  61  6:12  Probe  
  61  6:15  Pylon  
  62  6:19  Gateway x2  
  62  6:21  Gateway  
  62  6:28  Probe (Chrono Boost)  
  62  6:30  Probe (Chrono Boost)  
  65  6:33  Probe (Chrono Boost), Gateway  
  65  6:37  Probe (Chrono Boost)  
  66  6:40  Probe (Chrono Boost)  
  66  6:41  Probe (Chrono Boost)  
  66  6:42  Probe (Chrono Boost)  
  61  6:50  Probe  
  61  6:52  Probe, Stalker  
  61  6:53  Stalker  
  66  7:01  Stalker x2  
  66  7:02  Probe, Stalker x2  
  66  7:05  Pylon  
  74  7:15  Zealot x2, Pylon x2  
  76  7:16  Zealot  
  76  7:21  Archon  
  80  7:24  Stalker  
  80  7:25  Stalker x3  
  80  7:28  Zealot  
  90  7:32  Zealot  
  90  7:35  Zealot  
  90  7:36  Zealot x2  
  94  7:48  Zealot x3  
  94  7:49  Zealot x2  
  84  8:02  Sentry x2  
  84  8:03  Stalker, Sentry  
  78  8:14  Stalker x5  
Show
View Real Time Build Order
Export as new Build Order

DPGZest Protoss - Winner!

Build Orders: Oracle Opening 

Get SALT Encoding   

  12  0:00  Probe  
  13  0:12  Probe  
  14  0:18  Pylon  
  14  0:24  Probe (Chrono Boost)  
  15  0:37  Probe (Chrono Boost)  
  15  0:39  Gateway  
  16  0:45  Probe (Chrono Boost)  
  16  0:46  Assimilator  
  17  0:51  Probe  
  18  1:03  Probe (Chrono Boost)  
  19  1:04  Assimilator  
  19  1:06  Pylon  
  19  1:12  Probe (Chrono Boost)  
  19  1:17  Probe (Chrono Boost)  
  21  1:25  Cybernetics Core  
  21  1:29  Probe  
  21  1:32  Zealot  
  24  1:41  Probe  
  25  1:53  Probe  
  26  2:04  Stargate  
  26  2:05  Adept (Chrono Boost)  
  28  2:14  Warp Gate  
  27  2:26  Nexus  
  27  2:32  Probe  
  27  2:36  Pylon  
  28  2:48  Probe  
  31  2:54  Oracle (Chrono Boost)  
  32  3:00  Probe  
  33  3:13  Probe  
  34  3:22  Twilight Council  
  34  3:26  Oracle (Chrono Boost)  
  37  3:33  Probe (Chrono Boost)  
  36  3:39  Robotics Facility  
  36  3:40  Probe (Chrono Boost)  
  39  3:49  Probe x2 (Chrono Boost)  
  39  3:54  Probe (Chrono Boost)  
  39  3:56  Probe  
  39  3:57  Forge  
  39  4:02  Sentry  
  43  4:06  Probe  
  43  4:08  Probe  
  43  4:09  Gateway  
  45  4:10  Gateway  
  45  4:17  Shield Battery  
  45  4:18  Probe (Chrono Boost)  
  47  4:25  Probe (Chrono Boost)  
  47  4:29  Probe (Chrono Boost)  
  45  4:33  Sentry  
  45  4:34  Probe x2 (Chrono Boost), Immortal (Chrono Boost)  
  45  4:38  Pylon  
  53  4:44  Probe  
  53  4:45  Pylon  
  54  4:46  Protoss Ground Weapons Level 1  
  54  4:50  Pylon  
  54  4:53  Assimilator  
  54  4:56  Probe  
  54  4:57  Probe  
  54  4:59  Assimilator  
  56  5:07  Observer (Chrono Boost)  
  56  5:08  Probe  
  56  5:09  Probe  
  59  5:19  Pylon  
  59  5:20  Probe  
  62  5:38  Nexus  
  62  5:39  Immortal  
  66  5:45  Pylon  
  66  5:47  Stalker x3  
  67  6:00  Twilight Council  
  67  6:03  Probe x2  
  69  6:06  Shield Battery  
  69  6:17  Gateway  
  69  6:18  Stalker x3  
  69  6:20  Immortal (Chrono Boost)  
  79  6:27  Pylon  
  75  6:47  Stalker x3  
  75  6:50  Charge (Chrono Boost)  
  75  6:51  Immortal  
  79  6:55  Dark Shrine  
  83  7:06  Probe x3  
  86  7:11  Gateway  
  86  7:12  Gateway  
  86  7:19  Warp Prism  
  86  7:20  Stalker x2  
  86  7:21  Probe x2  
  86  7:22  Probe  
  95  7:39  Gateway  
  95  7:47  Zealot x2  
  93  7:55  Shield Battery  
  74  8:07  Dark Templar x3  
  74  8:08  Dark Templar  
Tags
 
Add a new tag
Caveats
  • Supply blocks, unpowered buildings, or Contaminate may cause inaccurate times.
  • Supply counts are checked every 10 seconds.